 Dungeon Crawl Stone Soup version 0.30-a0-23-ge60ba3568b (webtiles) character file.

Game seed: 4949293279186054977

102 skittles the Slasher (level 4, -3/38 HPs)
             Began as a Draconian Gladiator on Aug 26, 2022.
             Slain by a gnoll
             ... wielding a +0 whip
              (8 damage)
             ... on level 3 of the Dungeon.
             The game lasted 00:04:57 (2577 turns).

skittles the Slasher (Draconian Gladiator)          Turns: 2577, Time: 00:04:58

Health: -3/38      AC:  6    Str: 15    XL:     4   Next: 49%
Magic:  5/5        EV: 13    Int: 14    God:
Gold:   158        SH:  0    Dex: 18    Spells: 4/4 levels left

rFire   + . .      SeeInvis .    a - +2 long sword
rCold   . . .      Faith    .    (no shield)
rNeg    . . .      Spirit   .    (body armour unavailable)
rPois   .          Reflect  .    b - +1 hat
rElec   .          Harm     .    (no cloak)
rCorr   .          Rampage  .    (no gloves)
Will    .....                    (no boots)
Stlth   +.........               (no amulet)
HPRegen 0.12/turn                j - ring of Pyst {Fly Dex+6 Stlth-}
MPRegen 0.09/turn                m - ring of protection from fire

@: flying
A: AC +5, unfitting armour, cold-blooded, clever 1
a: no special abilities


You were on level 3 of the Dungeon.
You visited 1 branch of the dungeon, and saw 4 of its levels.

You collected 158 gold pieces.

Inventory:

Hand Weapons
 a - a +2 long sword (weapon)
Missiles
 c - 3 throwing nets (quivered)
 d - a javelin
 e - 3 poisoned darts
Armour
 b - a +1 hat (worn)
Magical Staves
 h - a staff of earth
Jewellery
 j - the ring of Pyst (left hand) {Fly Dex+6 Stlth-}
   (You found it on level 2 of the Dungeon)

   [ring of flight]

   Dex:       It affects your dexterity (+6).
   Fly:       It grants you flight.
   Stlth:     It makes you less stealthy.
 m - a ring of protection from fire (right hand)
Potions
 g - a potion of flight


   Skills:
 * Level 3.5 Fighting
 * Level 4.0 Long Blades
 - Level 1.7 Throwing
 - Level 3.0 Dodging
 - Level 0.4 Stealth
 + Level 0.9 Spellcasting


You had 4 spell levels left.
You didn't know any spells.
Your spell library contained the following spells:

 Spells                   Type           Power      Damage    Failure   Level
 Freeze                   Ice            0%         1d3       26%         1
 Frozen Ramparts          Ice            0%         1d1       63%         3
 Hailstorm                Conj/Ice       0%         3d3       95%         4


Dungeon Overview and Level Annotations

Branches:
Dungeon (4/15)
 Temple: D:4-7

Altars:

Shops:
D:2 =   D:3 :


Innate Abilities, Weirdness & Mutations

Your plain brown scales are hard. (AC +5)
You cannot fit into any form of body armour.
You are cold-blooded and may be slowed by cold attacks.
Your mind is acute. (Int +4, Str/Dex -1)


Message History

You fly downwards.
The gnoll shouts! x3
Found 9 gold pieces.
There is a stone staircase leading up here.
You barely miss the gnoll. The gnoll misses you.
The gnoll completely misses you.
You hit the gnoll.
The gnoll is moderately wounded.
The gnoll hits you from afar with a +0 spear.
The gnoll closely misses you.
You hit the gnoll.
The gnoll is heavily wounded.
The gnoll closely misses you. x3
You completely miss the gnoll.
The gnoll is heavily wounded.
The gnoll hits you but does no damage. x2; The gnoll hits you with a +0 whip.
The gnoll hits you with a +0 halberd!
You hit the gnoll but do no damage.
The gnoll is heavily wounded.
The gnoll completely misses you. The gnoll misses you.
The gnoll hits you but does no damage. The gnoll barely misses you.
The gnoll completely misses you. The gnoll barely misses you.
The gnoll closely misses you. The gnoll barely misses you.
You barely miss the gnoll.
The gnoll is heavily wounded.
The gnoll hits you with a +0 club.
The gnoll hits you from afar with a +0 spear.
The gnoll closely misses you. The gnoll hits you with a +0 halberd.
You are too injured to fight recklessly!
You are too injured to fight recklessly!
You are too injured to fight recklessly!
The gnoll barely misses you. x2; The gnoll hits you but does no damage.
The gnoll hits you with a +0 halberd!
You fly upwards.
There is a stone staircase leading down here.
You feel better. The gnoll hits you with a +0 club.
The gnoll hits you with a +0 halberd!
* * * LOW HITPOINT WARNING * * *
The gnoll hits you with a +0 whip!
You die...

#.# #....... #.#
#....... ##.#
#....... #..#
#.......
#.#############
#.#....)..#####
####.#.#####.#....
#gg....#####.#.###
#@##.#.##......# #
#g##.#.##.##.#.###
#.##......##.#....
#.####.......#####
#.####)#######
#....).# ########


You could see 3 gnolls.

Vanquished Creatures
  5 adders
  A worm (D:3)
  A dart slug (D:1)
  An orc (D:3)
  6 bats
  3 endoplasms (D:1)
  5 goblins
  4 hobgoblins
  5 jackals
  4 quokkas (D:1)
  6 ball pythons
  A frilled lizard (D:1)
  5 kobolds
  4 rats
51 creatures vanquished.

Notes
Turn   | Place    | Note
-------+----------+-------------------------------------------
     0 | D:1      | skittles the Draconian Gladiator began the quest for the
                  | Orb.
     0 | D:1      | Reached XP level 1. HP: 17/17 MP: 1/1
   270 | D:1      | Reached XP level 2. HP: 25/25 MP: 2/2
   837 | D:1      | Reached XP level 3. HP: 26/30 MP: 3/3
   957 | D:2      | Found Syozxar's Jewellery Emporium.
  1367 | D:2      | Identified the ring of Pyst {Fly Dex+6 Stlth-}
  1685 | D:2      | Found a faded altar of an unknown god.
  1685 | D:2      | Noticed a hellwing
  1714 | D:3      | Reached XP level 4. HP: 38/38 MP: 4/4
  2004 | D:3      | Reached skill level 4 in Long Blades
  2267 | D:3      | Found Baihughiam's Book Shoppe.
  2515 | D:3      | Gained mutation: Your mind is acute. (Int +4, Str/Dex -1)
                  | [potion of mutation]
  2577 | D:3      | Slain by a gnoll

Illustrated notes

Levels and vault maps discovered:
D:1:      dpeg_arrival_windows_large_door, layout_rooms, chequers_avenue
D:2:      layout_basic, serial_shops, shop,
          dreamdust_ecumenical_altar_sealed_demon, serial_park_tiny_pond,
          minmay_tromino_v2
D:3:      layout_loops_cross, serial_shops, shop,
          chequers_serial_rivers_small_3, minmay_stone_trees_small
D:4:      layout_cave_pools, minmay_temple_entry_wispy, serial_shops,
          shop_fountains

Skill      XL: |  1  2  3  4 |
---------------+-------------+-----
Dodging        | 3 |  3.0
Fighting       | 3 |  3.5
Long Blades    | 4 |  4.0
Throwing       | |  1.7
Stealth        | |  0.4
Spellcasting   | |  0.9

Action                   |  1- 3 |  4- 6 || total
-------------------------+-------+-------++-------
Melee: Long sword        |   116 |    33 ||   149
       Tailslap          |     9 |     5 ||    14
       Punch             |     2 |       ||     2
  Use: Potion            |     1 |     6 ||     7
       Scroll            |     8 |     2 ||    10
Armor: Skin              |    57 |    10 ||    67
Dodge: Dodged            |   126 |    31 ||   157

Table legend: (Time is in decaauts)
 A = Elapsed time spent in this place.
 B = Non-inter-level travel time spent in this place.
 C = Inter-level travel time spent in this place.
 D = Time resting spent in this place.
 E = Time spent auto-exploring this place.
 F = Levels seen in this place.
 G = Mean time per level.
                   A        B        C        D        E       F      G
               +--------+--------+--------+--------+--------+-----+--------+
         Total |   2621 |   2591 |     30 |    289 |   1821 |   4 |  655.2 |
       Dungeon |   2621 |   2591 |     30 |    289 |   1821 |   4 |  655.2 |
               +--------+--------+--------+--------+--------+-----+--------+

Top non-repeatable levels by time:
     D:1: 957 daAuts
     D:3: 876 daAuts
     D:2: 778 daAuts
     D:4: 8 daAuts
